 Dungeon Crawl Stone Soup version 0.32-a0-450-g080537f31e (webtiles) character file.

Game seed: 1072646553363893562

781 Dittersdorf the Covered (level 7, -1/44 HPs)
             Began as a Gargoyle Fighter on Feb 23, 2024.
             Killed by nerve-wracking pain
             ... invoked by Grinder
              (3 damage)
             ... on level 4 of the Dungeon.
             The game lasted 00:02:41 (3544 turns).

Dittersdorf the Covered (Gargoyle Fighter)          Turns: 3544, Time: 00:02:41

Health: -1/44      AC: 20    Str: 22    XL:     7   Next: 85%
Magic:  7/7        EV:  9    Int:  8    God:
Gold:   121        SH:  5    Dex:  9    Spells: 6/6 levels left

rFire   . . .        t - +1 whip (flame)
rCold   . . .        c - +0 buckler
rNeg    + . .        b - +0 scale mail
rPois   ∞            (no helmet)
rElec   +            (no cloak)
rCorr   .            (no gloves)
SInv    .            (no boots)
Will    .....        (no amulet) Stlth
                     f - +4 ring of protection
HPRegen 0.27/turn    s - +4 ring of protection
MPRegen 0.10/turn

%: no passive effects
@: no status effects
A: sickness immunity, AC +4, negative energy resistance 1, electricity
resistance, torment resistance 1, petrification resistance
a: no special abilities


You were on level 4 of the Dungeon.
You visited 1 branch of the dungeon, and saw 4 of its levels.

You collected 121 gold pieces.

Inventory:

Hand Weapons
 a - a +0 flail
 t - a +1 whip of flaming (weapon)
Armour
 b - a +0 scale mail (worn)
 c - a +0 buckler (worn)
Jewellery
 f - a +4 ring of protection (left hand)
 g - a ring of protection from fire
 l - a +6 ring of intelligence
 s - a +4 ring of protection (right hand)
Scrolls
 i - a scroll of immolation {unknown}
 j - 4 scrolls of teleportation {unknown}
 k - 2 scrolls of blinking {unknown}
 o - 2 scrolls of identify {unknown}
 r - a scroll of enchant weapon {unknown}
Potions
 d - a potion of might
 e - 3 potions of enlightenment {unknown}
 h - 2 potions of curing {unknown}
 m - 2 potions of brilliance {unknown}
 n - a potion of heal wounds {unknown}
 p - a potion of degeneration {unknown}
 q - a potion of mutation {unknown}
 u - a potion of lignification {unknown}


   Skills:
 + Level 5.6 Fighting
 + Level 4.6 Maces & Flails
 + Level 5.6 Armour
 + Level 5.6 Shields


You had 6 spell levels left.
You didn't know any spells.
Your spell library contained the following spells:

 Spells                   Type           Power      Damage    Failure   Level
 Iskenderun's Battlesphe  Conj           0%         2d6       100%        5
 Bombard                  Conj/Erth      0%         9d1       100%        6
 Conjure Ball Lightning   Conj/Air       0%         3x3d6     100%        6
 Spellforged Servitor     Conj/Summ      0%         N/A       100%        7
 Discord                  Hex            0%         N/A       100%        8
 Disjunction              Tloc           0%         N/A       100%        8


Dungeon Overview and Level Annotations

Branches:
Dungeon (4/15)
 Temple: D:4-7

Altars:
Cheibriados
Kikubaaqudgha
Sif Muna

Annotations:
D:4 Grinder


Innate Abilities, Weirdness & Mutations

You are immune to sickness and miasma.
Your stone body is resilient. (AC +4)
You are immune to poison.
You resist negative energy. (rN+)
You are resistant to electric shocks. (rElec)
You are resistant to unholy torment.
You are immune to petrification.


Message History

Grinder is moderately wounded.
The kobold hits the plant with a +0 short sword.
You block Grinder's attack.
You barely miss Grinder.
Grinder is moderately wounded.
A nearby plant withers and dies.
The kobold hits the bush but does no damage.
A rat comes into view.
The kobold hits the bush with a +0 dagger.
Grinder hits you.
* * * LOW HITPOINT WARNING * * *
You writhe in agony.
* * * LOW HITPOINT WARNING * * *
The rat squeaks loudly.
You hit Grinder. You burn Grinder.
Grinder is moderately wounded.
The kobold hits the bush with a +0 club.
The kobold brigand hits you with a +0 dagger.
* * * LOW HITPOINT WARNING * * *
The kobold hits the bush but does no damage.
Grinder hits you.
* * * LOW HITPOINT WARNING * * *
The kobold hits the bush but does no damage.
You barely miss Grinder.
Grinder is moderately wounded.
The kobold hits the bush but does no damage.
The kobold brigand barely misses you.
Grinder blinks!
You barely miss the kobold.
The kobold brigand hits you but does no damage.
Something bites the bush but does no damage.
Grinder hits the bush.
The kobold hits you but does no damage.
You hit the kobold. You burn the kobold.
You kill the kobold!
The kobold hits the bush but does no damage.
The kobold brigand hits you but does no damage.
A rat comes into view.
Grinder gestures at you. Pain shoots through your body!
You die...
Grinder says, "Now the real fun starts!"

##..#....###.....
####.....###...... ###........#
#...... ###### #..#########
####..# ##.##.####.# ♣♣♣♣# ###.
#..........#♣#P...#P #.
##..#.##.#.#5......# #.
####..##.##.#P)÷..... #.
#...........@lKr.§... #.
#...........#KK...... ##
#...........##P....r# #
###.#........# #P!~.P. ##
#...#.......## ♣♣♣♣P♣ ####.
#....#.......#### ########..##
#####..............###.........##
.....#######.........##..........
≈≈≈≈≈......#.....................


You could see Grinder, a kobold brigand, 2 kobolds, a frilled lizard and 2 rats.

Vanquished Creatures
  Pikel (D:3)
  A wyvern (D:4)
  3 lemures (D:3)
  A scorpion (D:3)
  8 adders
  A dart slug (D:3)
  9 ball pythons
  3 endoplasms
  3 giant cockroaches
  6 goblins
  3 hobgoblins
  3 quokkas (D:1)
  7 bats
  4 frilled lizards
  8 kobolds
  5 rats
66 creatures vanquished.

Notes
Turn   | Place    | Note
-------+----------+-------------------------------------------
     0 | D:1      | Dittersdorf the Gargoyle Fighter began the quest for the
                  | Orb.
     0 | D:1      | Reached XP level 1. HP: 14/14 MP: 1/1
   230 | D:1      | Reached XP level 2. HP: 19/19 MP: 2/2
   520 | D:1      | Reached XP level 3. HP: 21/23 MP: 3/3
   991 | D:2      | Reached XP level 4. HP: 29/29 MP: 4/4
  1070 | D:2      | You fall into a shaft and drop 1 floor!
  1456 | D:2      | Found an ancient bone altar of Kikubaaqudgha.
  2469 | D:3      | Reached XP level 5. HP: 33/33 MP: 5/5
  2999 | D:4      | Noticed a wyvern
  3013 | D:4      | Killed a wyvern
  3014 | D:4      | Reached XP level 6. HP: 33/39 MP: 6/6
  3087 | D:4      | Found a snail-covered altar of Cheibriados.
  3088 | D:4      | Found a shimmering blue altar of Sif Muna.
  3131 | D:4      | Noticed Pikel
  3340 | D:3      | Killed Pikel
  3341 | D:3      | Reached skill level 5 in Fighting
  3341 | D:3      | Reached skill level 5 in Armour
  3341 | D:3      | Reached skill level 5 in Shields
  3341 | D:3      | Reached XP level 7. HP: 23/44 MP: 7/7
  3520 | D:4      | Noticed Grinder
  3541 | D:4      | HP: 1/44 [Grinder (5)]
  3544 | D:4      | Killed from afar by Grinder

Illustrated notes

Levels and vault maps discovered:
D:1:      roderic_chinese_lattice_arrival, layout_loops_ring
D:2:      layout_basic, basic_altar, minmay_snake_closets
D:3:      layout_basic
D:4:      layout_cave_pools, nicolae_overflow_squiral, serial_park_tiny_1,
          lexackson_kobold_supper, uniq_pikel, uniq_grinder

Skill      XL: |  1  2  3  4  5  6 |
---------------+-------------------+-----
Shields        | 4 5 |  5.6
Fighting       | 4 5 |  5.6
Armour         | 4 5 |  5.6
Maces & Flails | 3 4 |  4.6

Action                     |  1- 3 |  4- 6 |  7- 9 || total
---------------------------+-------+-------+-------++-------
  Melee: Flail             |   128 |   214 |       ||   342
         Whip              |       |       |    22 ||    22
 Armour: Scale mail        |    97 |   179 |    27 ||   303
  Dodge: Dodged            |    61 |   121 |     6 ||   188
  Block: Buckler           |    38 |    60 |     5 ||   103

Table legend: (Time is in decaauts)
 A = Elapsed time spent in this place.
 B = Non-inter-level travel time spent in this place.
 C = Inter-level travel time spent in this place.
 D = Time resting spent in this place.
 E = Time spent auto-exploring this place.
 F = Levels seen in this place.
 G = Mean time per level.
                   A        B        C        D        E       F      G
               +--------+--------+--------+--------+--------+-----+--------+
         Total |   3640 |   3386 |    254 |    175 |   2505 |   4 |  910.0 |
       Dungeon |   3640 |   3386 |    254 |    175 |   2505 |   4 |  910.0 |
               +--------+--------+--------+--------+--------+-----+--------+

Top non-repeatable levels by time:
     D:3: 1415 daAuts
     D:2: 1022 daAuts
     D:1: 864 daAuts
     D:4: 338 daAuts
